Unix NetHack Version 5.0.0-0 post-release - last build May  4 2026 22:22:43 (774f63e81ad911689b3a0859ea89b322d5daca8d,branch:main).

Game began 2026-05-07 13:31:08, ended 2026-05-10 16:16:57.

BaeHund, lawful female human Archeologist

}}}}}}}}}}}}}}}}}}}}}}}}}}}}}}}}}}}}}}}}}}}}}}}}}}}}}}}}}}}}}}}}}}}}}}}}}}}}}}}
}}}}}}}}}}}}}}}}}}}}}}}}}}}}}}}}}}}}}}}}}}}}}}}}}}}}}}}}}}}}}}}}}}}}}}}}}}}}}}}
}}}}}}}}}}}}}}}}}}}}}}}}}}}}}}}}}}}}}}}}}}}}}}}}}}}}}}}}}}}}}}}}}}}}}}}}}}}}}}}
}}}}}}}}}}}}}}}}}}}}}}}}}}}}}}}}}}}}}}}}}}}}}}}}}}}}}}}}}}}}}}}}}}}}}}}}}}}}}}}
}}}}}}}}}}}}}}}}}}}}}}}}}}}}}}}}}}}}}}}}}}}}}}}}}}}}}}}}}}}}};}}}}}}};}}}}}}}}}
}}}}}}}}}}}}}}}}}}}}}}}}}}}}}}}}}}}}}}}}}}}}}}}}}}}}}}}}}}}}}}}}}}}}}}}}}}}}}}}
}}}}}}}}}}}}}}}}}}}}}}}}}}}}}}}}}}}}}}}}}}}}}}}}}}}}}}}}}}}}}}}}}}}}}}}}}}}}}}}
}}}}}}}}}}}}}}}}}}}}}}}}}}}}}}}}}}}}}}}}}}}}}}}}}}}}}}}}}}}}}}}}}}}}}}}}}}}}}}}
}}}}}}}}}}}}}}}}}}}}}}}}}}}}}}}}}}}}}}}}}}}}}}}}}}}}}}}}}}}}}}}}}};}}}}}}}}}}}}
}}}}}}}}}}}}}}}}}}}}}}}}}}}}}}}}}}}}}}}}}}}}}}}}}}}}}}}}}}}}}}}}}}@}}}}}}}}}}}}
}}}}}}}}}}}}}}}}}}}}}}}}}}}}}}}}}}}}}}}}}}}}}}}}}}}}}}}}}}}}}}}}}}}}}}}}}}}}}}}
}}}}}}}}}}}}}}}}}}}}}}}}}}}}}}}}}}}}}}}}}}}}}}}}}}}}}}}}}}}}}}}}}}}}}E}}}}}}}}}
}}}}}}}}}}}}}}}}}}}}}}}}}}}}}}}}}}}}}}}}}}}}}}}}}}}}}}}}}}}}}}}}}}}}}}}}}}}}}}}
}}}}}}}}}}}}}}}}}}}}}}}}}}}}}}}}}}}}}}}}}}}}}}}}}}}}}}}}}}}}}}}}}}}}};}}}}}}}}}
}}}}}}}}}}}}}}}}}}}}}}}}}}}}}}}}}}}}}}}}}}}}}}}}}}}}}}}}}}}}}}}}}}}}}}}}}}}}}}}
}}}}}}}}}}}}}}}}}}}}}}}}}}}}}}}}}}}}}}}}}}}}}}}}}}}}}}}}}}}}}}}}}}}}}}}}}}}}}}}
}}}}}}}}}}}}}}}}}}}}}}}}}}}}}}}}}}}}}}}}}}}}}}}}}}}}}}}}}}}}}}}}}}}}}}}}}}}}}}}
}}}}}}}}}}}}}}}}}}}}}}}}}}}}}}}}}}}}}}}}}}}}}}}}}}}}}}}}}}}}}}}}}}}}}}}}}}}}}}}
}}}}}}}}}}}}}}}}}}}}}}}}}}}}}}}}}}}}}}}}}}}}}}}}}}}}}}}}}}}}}}}}}}}}}}}}}}}}}}}
}}}}}}}}}}}}}}}}}}}}}}}}}}}}}}}}}}}}}}}}}}}}}}}}}}}}}}}}}}}}}}}}}}}}}}}}}}}}}}}
}}}}}}}}}}}}}}}}}}}}}}}}}}}}}}}}}}}}}}}}}}}}}}}}}}}}}}}}}}}}}}}}}}}}}}}}}}}}}}}
BaeHund the Excavator      St:25 Dx:16 Co:17 In:21 Wi:21 Ch:13  Lawful
Water $:0  HP:0(188) Pw:12(114) AC:-26 Xp:16 T:38916 

Latest messages:
 The fiery blade vaporizes part of the water elemental!  You hit the water elemental!
 The fiery blade vaporizes part of the water elemental!  You kill the water elemental!
 The fiery blade vaporizes part of the water elemental!  You hit the water elemental!
 The fiery blade vaporizes part of the water elemental!  You hit the water elemental!
 The fiery blade vaporizes part of the water elemental!  You hit the water elemental!  The water elemental misses!
 The fiery blade vaporizes part of the water elemental!  You hit the water elemental!
 The fiery blade vaporizes part of the water elemental!  You kill the water elemental!
 The fiery blade burns the piranha!  You kill the piranha!
 The fiery blade burns the cobra!  You kill the cobra!
 The fiery blade vaporizes part of the water elemental!  You hit the water elemental!
 The fiery blade vaporizes part of the water elemental!  You hit the water elemental!
 The fiery blade vaporizes part of the water elemental!  You hit the water elemental!
 The fiery blade vaporizes part of the water elemental!  You hit the water elemental!  The water elemental turns to flee.  The water elemental hits!
 The fiery blade vaporizes part of the water elemental!  You hit the water elemental!
 The fiery blade vaporizes part of the water elemental!  You kill the water elemental!
 The fiery blade vaporizes part of the water elemental!  You hit the water elemental!  The water elemental hits!
 Restoring save file...
 Hello BaeHund, the human Archeologist, welcome back to NetHack!
 What do you want to zap? [adghjkqryAFIX or ?*] ?
 Never mind.
 What do you want to zap? [adghjkqryAFIX or ?*] ?
 In what direction? k
 The water elemental vanishes!
 What do you want to zap? [adghjkqryAFIX or ?*] r
 In what direction? b
 The water elemental vanishes!
 What do you want to take off? [clwG or ?*] <esc>
 Never mind.
 What do you want to remove? [ipO or ?*] ?
 You were wearing a greased ring of levitation (on right hand).
 You feel heavier.
 The fiery blade burns the giant eel!
 You kill the giant eel!
 The fiery blade burns the kraken!
 You hit the kraken!
 The kraken hits!
 The kraken hits again!
 The kraken swings itself around you!
 The kraken bites!
 The fiery blade burns the kraken!
 You hit the kraken!
 The kraken hits!
 The kraken hits again!
 The kraken drowns you...
 Do you want your possessions identified? [ynq] (y) y
 Do you want to see your attributes? [ynq] (y) y
 Do you want an account of creatures vanquished? [ynaq] (y) y
 Do you want a list of species genocided? [ynaq] (y) y
 Do you want to see your conduct and achievements? [ynq] (y) y
 Do you want to see the dungeon overview? [ynq] (y) y

Inventory:
 Amulets  ('"')
  C - a blessed greased amulet of reflection
  Z - the Amulet of Yendor named OG BOBBY JOHNSON
 Weapons  (')')
  T - the blessed rustproof +7 Fire Brand (wielded in right hand)
  P - a blessed greased +6 silver saber (wielded in left hand)
 Armor    ('[')
  G - a blessed tempered +3 helm of brilliance (being worn)
  l - a blessed greased thoroughly rusty +4 pair of gauntlets of power (being worn)
  c - a blessed greased fireproof +4 pair of water walking boots (being worn)
  w - a blessed +0 cloak of protection (being worn)
  J - a blessed greased +4 Hawaiian shirt with a tropical fish motif (being worn)
  D - an uncursed greased rotproof +4 blue dragon scale mail (being worn)
 Spellbooks  ('+')
  m - the uncursed Book of the Dead
 Rings    ('=')
  n - an uncursed ring of conflict
  W - an uncursed ring of fire resistance
  i - a blessed ring of free action (on left hand)
  E - an uncursed ring of free action
  u - a blessed greased +1 ring of gain constitution
  O - an uncursed greased ring of levitation
  R - an uncursed ring of regeneration
 Wands    ('/')
  a - a greased wand of death (0:6)
  y - a greased wand of death (0:0)
  F - a greased wand of digging (0:2)
  X - a wand of digging (0:4)
  q - a wand of digging (0:1)
  A - a cursed wand of digging (0:4)
  g - a wand of fire (0:4)
  k - a blessed greased wand of lightning (0:7)
  j - a blessed greased wand of lightning (0:6)
  d - a greased wand of magic missile (0:0)
  h - a blessed greased wand of teleportation (0:5)
  r - a wand of teleportation (0:5)
  I - a cursed wand of teleportation (0:7)
 Tools    ('(')
  b - a blessed greased bag of holding containing 53 items
  x - the cursed greased Bell of Opening (0:1)
  L - an uncursed greased blindfold
  z - the cursed Candelabrum of Invocation (0 of 7 candles attached)
  t - the blessed greased Magic Mirror of Merlin
  o - the blessed greased Orb of Detection (0:5)
  p - an uncursed greased pair of lenses (being worn)
  e - a blessed greased skeleton key
  s - a blessed greased +0 unicorn horn
 Gems/Stones  ('*')
  H - a blessed greased luckstone

Contents of the bag of holding:
  171 gold pieces
  an uncursed amulet of magical breathing
  14 uncursed food rations
  an uncursed sprig of wolfsbane
  a cursed scroll of amnesia
  12 uncursed scrolls of blank paper
  3 uncursed scrolls of confuse monster
  a cursed scroll of confuse monster
  a blessed scroll of create monster
  6 uncursed scrolls of create monster
  an uncursed scroll of create monster
  a cursed scroll of create monster
  4 uncursed scrolls of destroy armor
  an uncursed scroll of enchant weapon
  3 uncursed scrolls of fire
  a cursed scroll of food detection
  an uncursed scroll of gold detection
  3 uncursed scrolls of light
  an uncursed scroll of magic mapping
  an uncursed scroll of remove curse
  2 uncursed scrolls of scare monster
  2 blessed scrolls of teleportation
  5 cursed scrolls of teleportation
  an uncursed spellbook of magic mapping
  a cursed potion of blindness
  an uncursed potion of monster detection
  15 potions of holy water
  an uncursed greased ring of sustain ability
  a blessed greased wand of create monster (0:13)
  a wand of create monster (0:14)
  a wand of create monster (0:13)
  a wand of create monster (0:0)
  a wand of digging (0:7)
  a wand of digging (0:6)
  a wand of digging (0:1)
  a wand of enlightenment (0:13)
  a wand of fire (0:0)
  a wand of light (0:15)
  a wand of lightning (0:4)
  a wand of lightning (0:1)
  a wand of magic missile (0:8)
  a wand of polymorph (0:4)
  a wand of polymorph (0:0)
  a wand of sleep (0:2)
  a wand of striking (0:8)
  a wand of striking (0:0)
  a wand of teleportation (0:5)
  a wand of teleportation (0:4)
  a can of grease (0:21)
  a blessed greased magic marker (0:6)
  6 uncursed greased partly used wax candles
  3 uncursed fluorite stones
  an uncursed touchstone

BaeHund the Archeologist's attributes:

Background:
 You were an Excavator, a level 16 female human Archeologist.
 You were lawful, on a mission for Quetzalcoatl
 who was opposed by Camaxtli (neutral) and Huhetotl (chaotic).
 You were right-handed.
 You were in the endgame, on the Elemental Plane of Water.
 You entered the dungeon 38916 turns ago.
 You had 348637 experience points, 291363 more were needed to attain level 17.

Basics:
 You had 0 out of 188 hit points.
 You had 12 out of 114 energy points (spell power).
 Your armor class was -26.
 Your wallet was empty, but
 you had 171 zorkmids stashed away in your pack.
 Autopickup was off.

Final Characteristics:
 Your strength was 25 (base:18/02, peak:18/03, innate limit:18/100).
 Your dexterity was 16 (peak:17, limit:18).
 Your constitution was 17 (peak:18, limit:18).
 Your intelligence was 21 (base:18, innate limit:18).
 Your wisdom was 21 (base:18, innate limit:18).
 Your charisma was 13 (limit:18).

Final Status:
 You were held by a kraken (north).
 You weren't hungry.
 You were unencumbered.
 You were wielding two weapons at once.
 You had basic skill with long sword and two weapons.
 You also had basic skill with saber and two weapons.

Final Attributes:
 You were piously aligned.
 You were magic-protected.
 You were fire resistant.
 Your items were protected from fire.
 You were cold resistant.
 You were sleep resistant.
 You were disintegration resistant.
 You were shock resistant.
 Your items were protected from electric shocks.
 You were poison resistant.
 You were telepathic.
 You had automatic searching.
 You were invisible.
 You were stealthy.
 You had a small defense bonus (+3).
 You were protected.
 You took half spell damage.
 You were very fast.
 You had free action.
 You were lucky.
 You had extra luck.
 Good luck did not time out for you.
 You are dead (2nd time!).

Miscellaneous:
 You didn't encounter any bones levels.
 Total elapsed playing time was 22 hours, 1 minute and 6 seconds.

Major events:
 Turn
    1: BaeHund the lawful female human Archeologist entered the dungeon
  693: attained the rank of Field Worker (level 3)
 1331: entered the Gnomish Mines
 1954: reached Mine Town
 1957: attained the rank of Investigator (level 6)
 2501: was bestowed with Fire Brand by Quetzalcoatl
 4631: acquired the Mines' End luckstone
 5773: made her first wish - "blessed magic mirror of merlin", got "a looking glass named the Magic Mirror of Merlin"
 7638: entered Sokoban
 8022: completed 1st Sokoban level
 8845: completed 2nd Sokoban level
 9251: completed 3rd Sokoban level
10193: completed 4th Sokoban level
10265: attained the rank of Exhumer (level 10)
10351: acquired the Sokoban amulet of reflection
10806: was bestowed with Demonbane by Quetzalcoatl
13253: entered Home 1, the Quest
18917: killed Medusa
20098: performed her first genocide (class L)
20098: genocided class h
23015: wished for "blessed fixed +3 blue dragon scale mail", got "a blue dragon scale mail"
23210: entered Gehennom
26024: attained the rank of Excavator (level 14)
26574: Lord Carnarvon has granted access to proceed deeper into the quest
26600: entered Home 2, the Quest
26837: entered Home 3, the Quest
27058: wished for "blessed fixed bag of holding", got "a bag"
27249: wished for "blessed fixed +3 water walking boots", got "a pair of snow boots"
27490: entered Home 4, the Quest
27704: entered Home 5, the Quest
27959: entered Home 6, the Quest
28510: killed the Minion of Huhetotl
28510: found the Orb of Detection carried by a monster
28511: acquired the Bell of Opening
31458: bribed Asmodeus with 24 zorkmids for safe passage
31543: killed Juiblex
32586: bribed Baalzebub with 400 zorkmids for safe passage
33398: killed Orcus
34157: wished for "blessed fixed +2 helm of brilliance", got "a crystal helmet"
34732: destroyed Vlad the Impaler
34734: acquired the Candelabrum of Invocation
36634: killed the Wizard of Yendor
36642: acquired the Book of the Dead
36846: performed the invocation
37061: killed the high priest of Moloch
37100: acquired The Amulet of Yendor
37101: wished for "blessed ring of free action", got "a pearl ring"
37854: killed the Wizard of Yendor (2nd time)
37989: killed the Wizard of Yendor (3rd time)
38690: entered the Elemental Planes
38690: entered Plane of Earth
38691: killed the Wizard of Yendor (5th time)
38768: entered Plane of Air
38797: averted death (killed by an air elemental)
38841: entered Plane of Fire
38856: entered Plane of Water
38916: drowned in a pool of water by a kraken

Spells:
 Name                 Level Category     Fail Retention
 chain lightning        2   attack        39%    (gone)
 levitation             4   escape        94%    (gone)
 slow monster           2   enchantment   39%    (gone)
 cone of cold           4   attack        94%    (gone)
 healing                1   healing       39%  76%-100%
 haste self             3   escape        79%    (gone)
 light                  1   divination    39%    (gone)
 sleep                  3   enchantment   79%    (gone)
 magic mapping          5   divination     3%    (gone)
 charm monster          5   enchantment  100%   26%-50%
 cure sickness          3   healing       79%   26%-50%
 detect treasure        4   divination    39%   39%-40%
 detect food            2   divination    39%   45%-46%
 drain life             2   attack        39%   51%-75%
 force bolt             1   attack        39%   51%-75%
 jumping                1   escape        39%   51%-75%
 fireball               4   attack        94%   51%-75%
 confuse monster        1   enchantment   39%   51%-75%
 cure blindness         2   healing       39%  76%-100%
 create monster         2   clerical      39%  76%-100%
 extra healing          3   healing       79%  76%-100%
 knock                  1   matter        39%  76%-100%
 clairvoyance           3   divination    39%   91%-92%

Skills:
 Fighting Skills
   bare handed combat [Unskilled]
   two weapon combat  [Basic]
   riding             [Unskilled]
 Weapon Skills
   dagger             [Unskilled]
   knife              [Unskilled]
   pick-axe           [Basic]
   short sword        [Unskilled]
   long sword         [Basic]
   saber              [Basic]
   club               [Unskilled]
   mace               [Unskilled]
   quarterstaff       [Unskilled]
   sling              [Unskilled]
   dart               [Unskilled]
   boomerang          [Unskilled]
   whip               [Skilled]
   unicorn horn       [Unskilled]
 Spellcasting Skills
   attack spells      [Unskilled]
   healing spells     [Unskilled]
   divination spells  [Expert]
   matter spells      [Unskilled]

Voluntary challenges:
 Character rerolling was not enabled.
 You genocided 11 types of monsters.
 You never changed form.
 You used 6 wishes (1 for an artifact).
 You did not violate any of the special Sokoban rules.
Achievements:
 You entered a shop.
 You attained the rank of Field Worker.
 You entered the Gnomish Mines.
 You entered Minetown.
 You attained the rank of Investigator.
 You entered a temple.
 You completed the Gnomish Mines.
 You entered Sokoban.
 You attained the rank of Exhumer.
 You completed Sokoban.
 You defeated Medusa.
 You entered Gehennom.
 You attained the rank of Excavator.
 You had the Bell of Opening.
 You had the Candelabrum of Invocation.
 You had the Book of the Dead.
 You gained access to Moloch's Sanctum.
 You had the Amulet of Yendor.
 You reached the Elemental Planes.

 The Elemental Planes:
    Plane of Water: <- You were here.
       Final resting place for
          you, drowned in a pool of water by a kraken.
    Plane of Fire:
    Plane of Air:
    Plane of Earth:
 The Dungeons of Doom: levels 1 to 25
    Level 1:
       Some fountains.
       One way stairs up to The Elemental Planes.
    Level 2:
       A scroll shop.
    Level 3:
       A weapon shop, an altar to Quetzalcoatl, some fountains.
       Stairs down to The Gnomish Mines.
    Level 4:
       A general store, a fountain.
    Level 5:
       Many fountains.
    Level 6: "STASH IN SOKO"
       A fountain.
       Stairs up to Sokoban, level 5.
    Level 7: "chain lightning spellbook"
       An altar to Quetzalcoatl.
    Level 8: "lev spellbook"
    Level 9:
       A weapon shop, some fountains, a grave.
    Level 10: "cone of cold and slow mons spellboks"
       Many fountains.
    Level 11: "healing spellbook"
    Level 12:
       A fountain.
       Portal to The Quest.
    Level 13: "haste self"
    Level 14: "sleep, light, cone of cold book"
       A fountain.
    Level 15:
       A sink.
    Level 16:
    Level 17:
       A general store, a grave.
    Level 18:
       A primitive area.
    Level 19: "magic mapp book"
       A vegetarian food shop.
    Level 20:
       A fountain.
    Level 21:
       A temple and an altar to Quetzalcoatl, a grave.
    Level 22:
       An altar to Quetzalcoatl, some graves.
    Level 23:
    Level 24:
    Level 25:
       Connection to Gehennom.
 Gehennom: levels 26 to 46
    Level 26:
       A temple and an altar, many graves.
       Valley of the Dead.
    Level 27:
    Level 28:
    Level 29:
       A fountain.
    Level 30:
    Level 31:
    Level 32:
    Level 33:
    Level 34:
    Level 35:
       Some shops, an altar, many graves.
    Level 36:
    Level 37:
    Level 38:
       Stairs up to Vlad's Tower, level 37.
    Level 39:
    Level 40:
    Level 41:
    Level 42:
    Level 43:
    Level 44:
    Level 45:
    Level 46:
       A temple and an altar, many graves.
       Moloch's Sanctum.
 The Gnomish Mines: levels 4 to 12
    Level 4:
    Level 5:
    Level 6:
    Level 7:
       Many shops, a temple and an altar to Quetzalcoatl, some fountains, a sink.
    Level 8:
    Level 9:
    Level 10:
    Level 11:
    Level 12: "spell book and riding gloves here"
 The Quest: levels 1 to 6
    Level 1:
       Completed quest for Lord Carnarvon.
    Level 2:
    Level 3:
       Many temples and many altars.
    Level 4:
    Level 5:
    Level 6:
       A temple and an altar.
 Sokoban: levels 5 up to 2
    Level 2:
       Solved.
    Level 3:
       Solved.
    Level 4:
       Solved.
    Level 5:
       Solved.
 Vlad's Tower: levels 37 up to 35
    Level 35:
    Level 36:
    Level 37:


Vanquished creatures:
    Orcus
  2 erinyes
    Juiblex
the Wizard of Yendor (5 times)
    Vlad the Impaler
  a high cleric
  a mastodon
    Medusa
  6 krakens
  6 iron golems
  a glass golem
  7 balrogs
the Minion of Huhetotl
  3 purple worms
  a gray dragon
  a gold dragon
  a silver dragon
  7 red dragons
  2 white dragons
  3 orange dragons
  4 black dragons
  a blue dragon
  a green dragon
  2 yellow dragons
 17 minotaurs
  a jabberwock
  3 baluchitheria
  2 demiliches
  3 stone golems
 an Olog-hai
  3 Nazgul
  4 pit fiends
  4 sandestins
  6 hell hounds
  3 displacer beasts
  3 titanotheres
  a trapper
  3 baby red dragons
  3 genetic engineers
  a disenchanter
 25 vampire leaders
  5 skeletons
  8 aligned clerics
  a captain
  6 shades
  a lich
  3 water trolls
  3 clay golems
  3 nurses
 10 ice devils
  7 nalfeshnees
  2 lurkers above
  2 frost giants
  8 ettins
 10 black puddings
 27 vampires
  7 lieutenants
 40 ghosts
  5 queen bees
  2 winged gargoyles
 11 giant mimics
  6 long worms
  5 zruties
  9 ogre tyrants
  5 ice trolls
 13 rock trolls
 an umber hulk
  3 flesh golems
  3 elven monarchs
  2 doppelgangers
 17 hezrous
 14 bone devils
  9 large mimics
  7 fire vortices
  2 stalkers
 12 air elementals
  7 fire elementals
  8 earth elementals
  3 water elementals
  3 hill giants
  4 giant mummies
  5 xorns
 14 giant zombies
  5 elf-nobles
 14 sergeants
  6 barbed devils
  8 vrocks
  7 salamanders
  5 wargs
  5 winter wolves
  6 hell hound pups
 16 small mimics
  3 warhorses
 11 steam vortices
 12 xans
  3 ettin mummies
  7 ogre leaders
  6 quantum mechanics
 23 trolls
  a sasquatch
  5 wood golems
  6 mariliths
  4 sharks
  2 electric eels
  5 gelatinous cubes
  9 pyrolisks
  5 large dogs
  3 freezing spheres
 11 flaming spheres
  3 shocking spheres
  2 large cats
  4 tigers
  5 gargoyles
  2 dwarf rulers
  a tengu
  7 ochre jellies
  7 leocrottas
  4 energy vortices
  2 mountain centaurs
  3 stone giants
  4 elf mummies
 31 human mummies
 10 red nagas
  a green slime
 13 pythons
  8 pit vipers
  6 cobras
 38 wraiths
  a carnivorous ape
 11 ettin zombies
  3 leather golems
 11 Grey-elves
 48 soldiers
  a watchman
  8 amorous demons
  7 horned devils
  8 chameleons
  2 crocodiles
 32 giant beetles
  7 quivering blobs
 14 cockatrices
 14 wolves
  9 winter wolf cubs
  6 lynxes
  2 panthers
  6 gremlins
  a spotted jelly
 11 leprechauns
  4 orc-captains
  2 iron piercers
  2 mumakil
 12 giant spiders
  7 scorpions
  a horse
 an ice vortex
  8 black lights
 13 vampire bats
  4 forest centaurs
  5 gnome rulers
  8 orc mummies
  7 dwarf mummies
 14 ogres
  3 brown puddings
  8 rust monsters
 11 owlbears
  7 yetis
  a gold golem
  4 werewolves
  9 Green-elves
  3 piranha
 11 giant eels
 16 lizards
  5 chickatrices
  2 dingoes
  a dog
  2 housecats
  4 jaguars
  2 dwarf leaders
  5 blue jellies
  a white unicorn
  2 gray unicorns
  2 black unicorns
  4 dust vortices
  6 ravens
  3 plains centaurs
  a Kop Kaptain
  4 gnome mummies
 50 snakes
  6 water moccasins
 12 apes
 13 human zombies
  3 rope golems
 13 Woodland-elves
 35 soldier ants
 28 fire ants
  3 bugbears
  4 imps
 12 lemures
  8 quasits
  6 wood nymphs
  3 water nymphs
  4 mountain nymphs
  3 Mordor orcs
 18 Uruk-hai
  2 orc shamans
  5 rock piercers
  5 rock moles
  a pony
  6 fog clouds
 16 yellow lights
  6 shriekers
  6 violet fungi
 18 gnome leaders
 10 gnomish wizards
  6 kobold mummies
  a red naga hatchling
  a black naga hatchling
  3 gray oozes
  a barrow wight
 12 elf zombies
  7 ghouls
  2 straw golems
  a paper golem
  a jellyfish
 53 giant ants
  5 little dogs
  4 floating eyes
  2 kittens
 14 dwarves
  3 homunculi
  2 kobold leaders
  4 kobold shamans
 15 hill orcs
 17 rothes
  3 rabid rats
  a centipede
  4 giant bats
  8 monkeys
 10 orc zombies
 16 dwarf zombies
  a wererat
  a werejackal
  9 iguanas
 71 killer bees
  6 acid blobs
  2 gas spores
  5 hobbits
 11 manes
  3 large kobolds
  3 hobgoblins
  5 giant rats
 20 cave spiders
  a brown mold
  2 yellow molds
  a red mold
 71 gnomes
 73 garter snakes
 14 gnome zombies
  8 geckos
 14 jackals
  a kobold
  2 goblins
  5 sewer rats
  9 grid bugs
 11 lichens
 19 kobold zombies
 10 newts
2072 creatures vanquished.

Genocided species:
 arch-liches
 master liches
 demiliches
 master mind flayers
 liches
 mind flayers
 dwarf rulers
 dwarf leaders
 bugbears
 dwarves
 hobbits
11 species genocided.

Game over:
                       ----------
                      /          \
                     /    REST    \
                    /      IN      \
                   /     PEACE      \
                  /                  \
                  |     BaeHund      |
                  |      171 Au      |
                  |   drowned in a   |
                  | pool of water by |
                  |     a kraken     |
                  |                  |
                  |       2026       |
                 *|     *  *  *      | *
        _________)/\\_//(\/(/\)/\//\/|_)_______

Goodbye BaeHund the Archeologist...

You drowned in The Elemental Planes with 1143468 points,
and 171 pieces of gold, after 38916 moves.
You were level 16 with a maximum of 188 hit points when you drowned.

